 Dungeon Crawl Stone Soup version 0.24-a0-416-g56ce5178b7 (webtiles) character file.

Game seed: 71287647553612357

102 MachJacob the Chucker (level 4, 0/44 HPs)
             Began as an Ogre Arcane Marksman on June 9, 2019.
             Succumbed to an adder's poison
             ... on level 2 of the Dungeon.
             The game lasted 00:06:00 (2579 turns).

MachJacob the Chucker (Ogre Arcane Marksman)        Turns: 2579, Time: 00:06:01

Health: 0/44       AC:  3    Str: 14    XL:     4   Next: 78%
Magic:  7/7        EV: 10    Int: 14    God:
Gold:   94         SH:  0    Dex: 10    Spells: 6/7 levels left

rFire    . . .     SeeInvis .   a - +1 whip (flame)
rCold    . . .     Gourm    .   (no shield)
rNeg     . . .     Faith    .   e - +0 robe
rPois    .         Spirit   .   (helmet restricted)
rElec    .         Reflect  .   (no cloak)
rCorr    .         Harm     .   (gloves unavailable)
MR       .....                  (boots unavailable)
Stlth    +.........             (no amulet)
HPRegen  0.14/turn              (no ring)
MPRegen  0.10/turn              (no ring)

@: lethally poisoned (0 -> -5), flying
A: large, unfitting armour, tough skin 1
a: no special abilities


You were on level 2 of the Dungeon.
You were not hungry.

You visited 1 branch of the dungeon, and saw 2 of its levels.

You collected 94 gold pieces.

Inventory:

Hand Weapons
 a - a +1 whip of flaming (weapon)
Missiles
 b - 50 stones (quivered)
 c - 4 large rocks
 d - 2 throwing nets {!f}
Armour
 e - a +0 robe (worn)
Jewellery
 g - a +4 ring of dexterity {unknown}
 j - an uncursed ring of resist corrosion {unknown}
 m - an uncursed ring of protection from magic {unknown}
Scrolls
 h - 4 scrolls of immolation {unknown}
 l - a scroll of remove curse {unknown}
 n - a scroll of blinking {unknown}
 o - a scroll of fear {unknown}
 p - a scroll of fog {unknown}
Potions
 q - a potion of cancellation
Comestibles
 f - 3 rations
 i - a chunk of flesh


   Skills:
 + Level 2.6 Fighting
 + Level 0.0 Maces & Flails
 * Level 3.3 Throwing
 + Level 2.5 Dodging
 - Level 2.0 Spellcasting
 - Level 3.0 Hexes


You had 6 spell levels left.
You knew the following spells:

 Your Spells              Type           Power        Failure   Level  Hunger
a - Corona                Hex            #......      7%          1    ##.....

Your spell library contained the following spells:

 Spells                   Type           Power        Failure   Level  Hunger
 Slow                     Hex            #.......     11%         2    ###....
 Inner Flame              Hex/Fire       #.......     36%         3    ####...
 Portal Projectile        Hex/Tloc       #.....       36%         3    ####...
 Cause Fear               Hex            #.........   56%         4    #####..
 Leda's Liquefaction      Hex/Erth       #.........   77%         4    #####..


Dungeon Overview and Level Annotations

Branches:
Dungeon (2/15)

Altars:


Innate Abilities, Weirdness & Mutations

You are too large for most types of armour.
You have tough skin. (AC +1)


Message History

You closely miss the adder.
The adder is severely wounded.
The adder misses you. The adder bites you.
* * * LOW HITPOINT WARNING * * *
You closely miss the adder.
The adder is severely wounded.
* * * LOW HITPOINT WARNING * * *
You feel sick. The adder bites you.
* * * LOW HITPOINT WARNING * * *
You miss the adder.
The adder is severely wounded.
* * * LOW HITPOINT WARNING * * *
You feel sick. The adder bites you.
* * * LOW HITPOINT WARNING * * *
It was a potion of cancellation.
You feel magically purged. The adder closely misses you. x2
It was a potion of flight.
You feel very buoyant.
You fly up into the air.
You die...

### ..# ##### #.# #..<##### ##
#.# #........ . #S# #...#####
#.#@# ##.## #.##.#.# ##.#####
#......### #......# #....)..(#
#..###.# #+ #.##.###.# ####..#
#.# ... #.##..##.# #.....###.#
.... #.###.##.# #.......#.##
..... #..##.##.# #.......#.##
......####...#.##.###......##.#.


You could see an adder.

Vanquished Creatures
  Terence (D:2)
  2 adders (D:2)
  An ooze (D:1)
  A worm (D:2)
  4 dart slugs (D:1)
  2 leopard geckos (D:1 D:2)
  2 ball pythons (D:1)
  5 giant cockroaches (D:1 D:2)
  5 goblins (D:1 D:2)
  6 hobgoblins (D:1 D:2)
  4 kobolds (D:1 D:2)
  5 bats (D:1)
  2 frilled lizards (D:1)
  3 rats (D:1 D:2)
43 creatures vanquished.

Notes
Turn   | Place    | Note
-------+----------+-------------------------------------------
     0 | D:1      | MachJacob the Ogre Arcane Marksman began the quest for the
                  | Orb.
     0 | D:1      | Reached XP level 1. HP: 19/19 MP: 2/2
   218 | D:1      | Reached XP level 2. HP: 22/28 MP: 4/4
   747 | D:1      | Reached XP level 3. HP: 35/35 MP: 5/5
  1784 | D:2      | Noticed Terence
  1814 | D:2      | Killed Terence
  1814 | D:2      | Reached XP level 4. HP: 20/44 MP: 5/7
  2576 | D:2      | HP: 2/44 [adder (4)]
  2579 | D:2      | Succumbed to an adder's poison

Levels and vault maps discovered:
D:1:      dpeg_arrival_arbitrary_a, layout_basic, kennysheep_minor_cross,
          minmay_shallow_snake_nest
D:2:      layout_loops_corners, first_ration, uniq_terence

Skill      XL: |  1  2  3 |
---------------+----------+-----
Dodging        | 2 |  2.5
Fighting       | 2 |  2.6
Throwing       | 3 |  3.3
Spellcasting   | 2 |  2.0
Hexes          | 3 |  3.0

Action                   |  1- 3 |  4- 6 || total
-------------------------+-------+-------++-------
Melee: Dagger            |    28 |       ||    28
       Club              |     9 |       ||     9
       Unarmed           |     7 |       ||     7
       Whip              |   111 |    36 ||   147
Throw: Stone             |    25 |    12 ||    37
  Use: Potion            |       |     2 ||     2
 Stab: Sleeping          |     2 |       ||     2
  Eat: Chunk             |     3 |     2 ||     5
Armor: Robe              |    59 |     6 ||    65
Dodge: Dodged            |    74 |    18 ||    92

Table legend:
 A = Non-vault XP
 B = Vault XP
 C = Vault XP percentage of total XP
 D = Non-vault monster count
 E = Vault monster count
 F = Vault count percentage of total count
                 A         B        C        D         E       F
            +---------+---------+-------+---------+---------+-------
      Total |     110 |      37 |  25.2 |      41 |       2 |   4.7
            +---------+---------+-------+---------+---------+-------
        D:1 |      61 |       1 |   1.6 |      28 |       1 |   3.4
        D:2 |      49 |      36 |  42.4 |      13 |       1 |   7.1
            +---------+---------+-------+---------+---------+-------
